 Dungeon Crawl Stone Soup version 0.29.0-4-gdea44cf6ec (webtiles) character file.

Game seed: 4886729496618944409

49630 qw the Warrior (level 14, 0/202 HPs)
             Began as a Minotaur Berserker on Sept 5, 2022.
             Was a Priest of Trog.
             Slain by a hell hound (5 damage)
             ... on level 5 of the Lair of Beasts.
             The game lasted 00:06:16 (16377 turns).

qw the Warrior (Minotaur Berserker)                Turns: 16377, Time: 00:06:17

Health: 0/202      AC: 23    Str: 30    XL:     14   Next: 16%
Magic:  13/13      EV: 14    Int: -2    God:    Trog [***...]
Gold:   1123       SH: 13    Dex: 13    Spells: 13/13 levels left

rFire   . . .      SeeInvis .   s - +0 morningstar (holy)
rCold   . . .      Faith    .   i - +0 kite shield
rNeg    . . .      Spirit   .   o - +0 plate armour
rPois   +          Reflect  .   (helmet restricted)
rElec   .          Harm     .   (no cloak)
rCorr   .          Rampage  .   n - +2 pair of gloves
Will    +....                   w - +2 pair of boots
Stlth   ..........              (no amulet)
HPRegen 0.43/turn               e - ring of poison resistance
MPRegen 0.13/turn               h - +4 ring of evasion

@: berserking, slightly contaminated, slowed, lost intelligence, unable to read
A: horns 2, retaliatory headbutt, agile 1, dopey 2, strong 1
a: Renounce Religion, Berserk, Trog's Hand


You were on level 5 of the Lair of Beasts.
You worshipped Trog.
Trog was most pleased with you.
You visited 2 branches of the dungeon, and saw 15 of its levels.

You collected 1123 gold pieces.


Innate Abilities, Weirdness & Mutations

You have a pair of horns on your head.
You reflexively headbutt those who attack you in melee.
You are agile. (Dex +4, Str/Int -1)
You are very dopey. (Int -4)
Your muscles are strong. (Str +4, Int/Dex -1)


   Skills:
 - Level 15.0 Fighting
 - Level 14.0 Axes
 - Level 5.4 Throwing
 - Level 13.0 Armour
 - Level 8.1 Dodging
 + Level 14.9 Shields


You had 13 spell levels left.
You didn't know any spells.
Your spell library was empty.

Inventory:

Hand Weapons
 k - the +10 hand axe of the Charred God {protect, Contam rF+ rC+ Str+4}
   (You found it on level 4 of the Lair of Beasts)

   It grants its wielder temporary protection when it strikes (+7 to AC).
   Str:       It affects your strength (+4).
   rF:        It protects you from fire.
   rC:        It protects you from cold.
   Contam:    It causes magical contamination when unequipped.
 s - a +0 morningstar of holy wrath (weapon)
Missiles
 r - 6 boomerangs (quivered)
Armour
 i - a +0 kite shield (worn)
 n - a +2 pair of gloves (worn)
 o - a +0 plate armour (worn)
 w - a +2 pair of boots (worn)
Jewellery
 e - a ring of poison resistance (left hand)
 h - a +4 ring of evasion (right hand)
 t - a +4 ring of slaying {mikee}
Scrolls
 g - a scroll of enchant weapon
 j - 2 scrolls of identify
 u - 7 scrolls of teleportation
Potions
 a - 2 potions of haste
 b - a potion of cancellation
 c - 3 potions of might
 f - 4 potions of curing
 m - 2 potions of mutation
 v - a potion of resistance

Dungeon Overview and Level Annotations

Branches:
Dungeon (10/15)            Temple (0/1) D:4            Lair (5/5) D:10
  Swamp (0/4) Lair:2        Snake (0/4) Lair:2          Orc (0/2) D:9
  Slime: Lair:4-5

Altars:
Ashenzari
Cheibriados
Dithmenos
Makhleb
Ru
Uskayaw
Vehumet
Wu Jian

Annotations:
Lair:3 2 transporters, qw's ghost, journeyman TrCA


Message History

A red film seems to cover your vision as you go berserk!
You feel yourself moving faster!
You feel mighty!
You block the five-headed hydra's attack.
The five-headed hydra bites you but does no damage.
The five-headed hydra misses you.
The five-headed hydra bites you but does no damage.
You block the five-headed hydra's attack.
The five-headed hydra barely misses you.
You block the five-headed hydra's attack.
The five-headed hydra bites you. x2
The five-headed hydra closely misses you.
You bludgeon the five-headed hydra!!
You kill the five-headed hydra!
Trog accepts your kill.
Your two-headed ogre rages.
You sock the dream sheep! Your headbutt misses the dream sheep.
The dream sheep is heavily wounded.
Being near the torpor snail leaves you feeling lethargic.
The dream sheep barely misses you. You furiously retaliate!
You headbutt the dream sheep!
Your two-headed ogre rages.
You feel less contaminated with magical energies.
You closely miss the dream sheep.
The dream sheep is almost dead.
You block the dream sheep's attack.
You bludgeon the dream sheep!!
You feel the power of Trog in you as your rage grows.
You kill the dream sheep!
Trog accepts your kill. You block the hell hound's attack.
Being near the torpor snail leaves you feeling lethargic.
You barely miss the hell hound. You headbutt the hell hound!!
The hell hound is severely wounded.
You block the hell hound's attack. The hell hound closely misses you.
You barely miss the hell hound. Your headbutt misses the hell hound.
The hell hound is severely wounded.
Your two-headed ogre rages.
The hell hound bites you but does no damage.
The hell hound bites you.
You die... ..... ....7 .7 ....77 7.7 .....7 .. ....777.. .. .%.....7 .7 ....7777 w7 ...777 77h7 .....7 77@777

....777 7777..O.777
......77 77....?....7
.......7777..............
..%..%%..................
%........................
.%..........#.##.#.......
..............##.........
............##..##.......


You could see a torpor snail, a hell hound and a friendly two-headed ogre
(summoned, berserk).

Vanquished Creatures
  Snorg (D:10)
  Josephine (Lair:3)
  A boulder beetle (Lair:5)
  4 hydras (Lair:5)
  3 two-headed ogres
  A centaur warrior (D:10)
  13 death yaks
  A swamp dragon (Lair:2)
  An ugly thing (D:9)
  15 elephants
  7 black mambas
  A torpor snail (Lair:3)
  13 cane toads
  A komodo dragon (Lair:5)
  A slime creature (D:9)
  Prince Ribbit (D:7)
  A troll (D:9)
  2 hornets (D:9)
  A dream sheep (Lair:5)
  15 blink frogs
  2 vampires
  A shadow (D:9)
  4 wraiths (Lair:3)
  7 wyverns
  16 yaks
  4 vampire mosquitoes (D:9)
  2 acid dragons (D:9)
  24 water moccasins
  3 black bears (Lair:1)
  5 orc warriors
  An ice beast (D:6)
  9 wolves
  5 centaurs
  2 kobold brigands (D:8)
  12 bullfrogs
  2 gnoll sergeants
  4 scorpions
  4 necrophages
  13 wights
  9 killer bees (D:9)
  2 electric eels (Lair:3)
  5 howler monkeys
  A jelly (D:7)
  5 orc priests
  3 hounds
  5 iguanas
  19 orc wizards
  6 hell rats (Lair:2)
  A statue (D:5)
  7 gnolls
  9 adders
  A shadow imp (D:6)
  3 white imps
  An ufetubus (D:6)
  2 worms (D:2)
  2 dart slugs
  40 orcs
  4 bats
  3 endoplasms
  5 giant cockroaches
  9 goblins
  10 hobgoblins
  5 jackals
  7 quokkas
  3 ball pythons
  5 frilled lizards
  10 kobolds
386 creatures vanquished.

Vanquished Creatures (collateral kills)
  A boulder beetle (Lair:2)
  Harold (D:10)
  3 hydras
  A catoblepas (Lair:5)
  Sonja (Lair:3)
  An elephant (Lair:2)
  A black mamba (Lair:2)
  A komodo dragon (Lair:5)
  2 blink frogs (Lair:2)
  A water moccasin (Lair:5)
  A hell rat (Lair:2)
14 creatures vanquished.

Vanquished Creatures (others)
  14 fungi
  38 plants
52 creatures vanquished.

Grand Total: 452 creatures vanquished

Notes
Turn   | Place    | Note
-------+----------+-------------------------------------------
     0 | D:1      | qw the Minotaur Berserker began the quest for the Orb.
     0 | D:1      | Reached XP level 1. HP: 19/19 MP: 0/0
     0 | D:1      | 0 ||| qw: Version: 0.1-a-104-g96f76f8
     0 | D:1      | 0 ||| qw: Game counter: 5928
     0 | D:1      | 0 ||| qw: Always use a shield: true
     0 | D:1      | 0 ||| qw: Do Orc after D:15 true
     0 | D:1      | 0 ||| qw: Do second Lair branch before Depths: true
     0 | D:1      | 0 ||| qw: Lair rune preference: random
     0 | D:1      | 0 ||| qw: Plans: Normal
     0 | D:1      | 0 ||| PLANNING D:1-11
   518 | D:1      | Found a faded altar of an unknown god.
   620 | D:1      | Reached XP level 2. HP: 26/26 MP: 1/1
   711 | D:1      | 711 ||| UPGRADING to +0 ring mail.
   721 | D:1      | 721 ||| DROPPING +0 animal skin.
   722 | D:1      | 722 ||| READING scroll labelled TAUKOT GIRCHUPO.
   723 | D:1      | 723 ||| READING scroll labelled MAMEYM VUTI.
   724 | D:1      | 724 ||| READING scroll labelled ASTREE QAOZXOCS.
   870 | D:2      | 870 ||| INVOKING Berserk.
  1025 | D:2      | 1025 ||| Stepping ~*~*~tactically~*~*~ (hiding).
  1167 | D:2      | 1167 ||| INVOKING Berserk.
  1319 | D:2      | Reached XP level 3. HP: 31/31 MP: 2/2
  1335 | D:2      | 1335 ||| Stepping ~*~*~tactically~*~*~ (hiding).
  1350 | D:2      | 1350 ||| Stepping ~*~*~tactically~*~*~ (hiding).
  1398 | D:2      | 1398 ||| Stepping ~*~*~tactically~*~*~ (stealth).
  1524 | D:2      | 1524 ||| Stepping ~*~*~tactically~*~*~ (stealth).
  1528 | D:2      | 1528 ||| Stepping ~*~*~tactically~*~*~ (stealth).
  1529 | D:2      | 1529 ||| Stepping ~*~*~tactically~*~*~ (stealth).
  1593 | D:2      | Reached ** piety under Trog
  1679 | D:2      | 1679 ||| INVOKING Berserk.
  1686 | D:2      | Reached skill level 6 in Axes
  1686 | D:2      | Reached XP level 4. HP: 39/39 MP: 3/3
  1830 | D:2      | 1830 ||| DROPPING +0 club.
  1831 | D:2      | 1831 ||| DROPPING +3 whip.
  2197 | D:2      | 2197 ||| UPGRADING to ring of poison resistance.
  2198 | D:2      | 2198 ||| READING scroll labelled XONUUNALEM.
  2199 | D:2      | 2199 ||| READING scroll labelled NATACI LULE.
  2200 | D:2      | 2200 ||| READING scroll labelled ROYFIH GICWOCS.
  2201 | D:2      | 2201 ||| DRINKING 2 metallic white potions.
  2244 | D:3      | Noticed a necrophage
  2255 | D:3      | Killed a necrophage
  2256 | D:3      | Reached XP level 5. HP: 37/45 MP: 4/4
  2316 | D:3      | 2316 ||| Stepping ~*~*~tactically~*~*~ (stealth).
  2317 | D:3      | 2317 ||| Stepping ~*~*~tactically~*~*~ (stealth).
  2318 | D:3      | 2318 ||| Stepping ~*~*~tactically~*~*~ (stealth).
  2319 | D:3      | 2319 ||| Stepping ~*~*~tactically~*~*~ (stealth).
  2321 | D:3      | 2321 ||| Stepping ~*~*~tactically~*~*~ (stealth).
  2369 | D:3      | 2369 ||| Stepping ~*~*~tactically~*~*~ (stealth).
  2412 | D:3      | Found a shadowy altar of Dithmenos.
  2414 | D:3      | Found a snail-covered altar of Cheibriados.
  2415 | D:3      | Found a sacrificial altar of Ru.
  2593 | D:3      | Reached skill level 4 in Fighting
  2853 | D:3      | 2853 ||| DROPPING orb of mayhem.
  2854 | D:3      | 2854 ||| UPGRADING to +0 pair of gloves.
  3047 | D:4      | Identified the ring of Dishonour {Fly Int+4}
  3077 | D:4      | Found a staircase to the Ecumenical Temple.
  3103 | D:4      | Reached XP level 6. HP: 52/52 MP: 5/5
  3104 | D:4      | Identified the +0 scale mail of Tetuas {rC+ rN+ SInv
                  | Stlth+}
  3166 | D:4      | 3166 ||| Stepping ~*~*~tactically~*~*~ (hiding).
  3169 | D:4      | 3169 ||| Stepping ~*~*~tactically~*~*~ (hiding).
  3172 | D:4      | 3172 ||| INVOKING Berserk.
  3274 | D:4      | 3274 ||| Stepping ~*~*~tactically~*~*~ (stealth).
  3656 | D:4      | 3656 ||| UPGRADING to +0 scale mail of Tetuas {rC+ rN+ SInv
                  | Stlth+}.
  3666 | D:4      | 3666 ||| DROPPING +0 ring mail.
  3667 | D:4      | 3667 ||| UPGRADING to +0 plate armour.
  3677 | D:4      | 3677 ||| DROPPING +0 scale mail of Tetuas {rC+ rN+ SInv
                  | Stlth+}.
  3678 | D:4      | 3678 ||| UPGRADING to ring of Dishonour {Fly Int+4}.
  3679 | D:4      | 3679 ||| READING scroll labelled ROTAAT OGHIVAGGI.
  3680 | D:4      | 3680 ||| DRINKING 2 murky green potions.
  3681 | D:4      | 3681 ||| DROPPING potion of attraction.
  3714 | D:5      | Entered Level 5 of the Dungeon
  3795 | D:5      | 3795 ||| Stepping ~*~*~tactically~*~*~ (stealth).
  3806 | D:5      | Reached skill level 3 in Armour
  3830 | D:5      | 3830 ||| Stepping ~*~*~tactically~*~*~ (stealth).
  3835 | D:5      | 3835 ||| Stepping ~*~*~tactically~*~*~ (hiding).
  3879 | D:5      | 3879 ||| Stepping ~*~*~tactically~*~*~ (stealth).
  3909 | D:5      | Reached skill level 9 in Axes
  4020 | D:5      | 4020 ||| Stepping ~*~*~tactically~*~*~ (stealth).
  4022 | D:5      | 4022 ||| Stepping ~*~*~tactically~*~*~ (stealth).
  4025 | D:5      | 4025 ||| Stepping ~*~*~tactically~*~*~ (stealth).
  4033 | D:5      | 4033 ||| INVOKING Berserk.
  4039 | D:5      | Reached XP level 7. HP: 59/59 MP: 6/6
  4124 | D:5      | 4124 ||| READING scroll of enchant weapon.
  4124 | D:5      | 4124 ||| ENCHANTING +0 vampiric hand axe.
  4227 | D:5      | Reached *** piety under Trog
  4236 | D:5      | Found a broken altar of Ashenzari.
  4359 | D:5      | 4359 ||| Stepping ~*~*~tactically~*~*~ (stealth).
  4360 | D:5      | 4360 ||| Stepping ~*~*~tactically~*~*~ (stealth).
  4398 | D:5      | Reached skill level 5 in Fighting
  4543 | D:5      | Found a radiant altar of Vehumet.
  4554 | D:5      | 4554 ||| INVOKING Berserk.
  4765 | D:5      | 4765 ||| UPGRADING to +1 pair of gloves.
  4775 | D:5      | 4775 ||| DROPPING +0 pair of gloves.
  4776 | D:5      | 4776 ||| UPGRADING to +4 ring of evasion.
  4778 | D:5      | 4778 ||| DROPPING ring of Dishonour {Fly Int+4}.
  4867 | D:6      | 4867 ||| Stepping ~*~*~tactically~*~*~ (stealth).
  4868 | D:6      | 4868 ||| Stepping ~*~*~tactically~*~*~ (stealth).
  4882 | D:6      | 4882 ||| DROPPING +0 flail.
  4905 | D:6      | 4905 ||| Stepping ~*~*~tactically~*~*~ (hiding).
  4906 | D:6      | 4906 ||| Stepping ~*~*~tactically~*~*~ (hiding).
  4935 | D:6      | Found a burning altar of Makhleb.
  4965 | D:6      | 4965 ||| Stepping ~*~*~tactically~*~*~ (hiding).
  4966 | D:6      | 4966 ||| Stepping ~*~*~tactically~*~*~ (hiding).
  4967 | D:6      | 4967 ||| Stepping ~*~*~tactically~*~*~ (hiding).
  5078 | D:6      | 5078 ||| Stepping ~*~*~tactically~*~*~ (stealth).
  5080 | D:6      | 5080 ||| Stepping ~*~*~tactically~*~*~ (hiding).
  5091 | D:6      | Reached skill level 1 in Throwing
  5099 | D:6      | 5099 ||| Stepping ~*~*~tactically~*~*~ (stealth).
  5422 | D:6      | 5422 ||| Stepping ~*~*~tactically~*~*~ (stealth).
  5424 | D:6      | 5424 ||| Stepping ~*~*~tactically~*~*~ (hiding).
  5519 | D:6      | Reached XP level 8. HP: 69/69 MP: 7/7
  5702 | D:6      | Reached skill level 6 in Fighting
  5923 | D:6      | 5923 ||| READING 2 scrolls labelled TER JALUQIEDD.
  5924 | D:6      | 5924 ||| READING scroll labelled DIAGIGRELUO.
  5925 | D:6      | 5925 ||| READING scroll labelled CYOSUY YV VETI.
  5929 | D:6      | 5929 ||| DRINKING 2 glowing dark potions.
  5930 | D:6      | 5930 ||| DRINKING 2 fuming silvery potions.
  5931 | D:6      | 5931 ||| DROPPING scroll of noise.
  5932 | D:6      | 5932 ||| DROPPING potion of brilliance.
  5960 | D:5      | 5960 ||| Stepping randomly (stuck).
  5980 | D:5      | 5980 ||| Stepping randomly (stuck).
  5990 | D:7      | Noticed Prince Ribbit
  5996 | D:7      | 5996 ||| INVOKING Berserk.
  6003 | D:7      | Killed Prince Ribbit
  6199 | D:7      | 6199 ||| INVOKING Berserk.
  6326 | D:7      | 6326 ||| Stepping ~*~*~tactically~*~*~ (stealth).
  6329 | D:7      | 6329 ||| Stepping ~*~*~tactically~*~*~ (hiding).
  6485 | D:7      | 6485 ||| Stepping ~*~*~tactically~*~*~ (stealth).
  6486 | D:7      | 6486 ||| Stepping ~*~*~tactically~*~*~ (stealth).
  6488 | D:7      | 6488 ||| Stepping ~*~*~tactically~*~*~ (hiding).
  6577 | D:7      | 6577 ||| READING scroll of enchant weapon.
  6577 | D:7      | 6577 ||| ENCHANTING +1 vampiric hand axe.
  6640 | D:7      | 6640 ||| READING scroll of enchant weapon.
  6640 | D:7      | 6640 ||| ENCHANTING +2 vampiric hand axe.
  6756 | D:7      | Noticed a two-headed ogre
  6757 | D:7      | 6757 ||| INVOKING Berserk.
  6762 | D:7      | Killed a two-headed ogre
  6763 | D:7      | Reached skill level 12 in Axes
  6763 | D:7      | Reached XP level 9. HP: 75/75 MP: 8/8
  6868 | D:7      | 6868 ||| UPGRADING to +0 kite shield.
  6873 | D:7      | 6873 ||| READING scroll labelled DUDGHI FUOZYINT.
  6874 | D:7      | 6874 ||| READING 2 scrolls of identify.
  6874 | D:7      | 6874 ||| IDENTIFYING grey potion
  6966 | D:8      | Reached skill level 1 in Shields
  6967 | D:8      | 6967 ||| INVOKING Berserk.
  6970 | D:8      | Reached skill level 3 in Shields
  7226 | D:8      | 7226 ||| Stepping ~*~*~tactically~*~*~ (hiding).
  7372 | D:8      | 7372 ||| READING scroll of enchant armour.
  7372 | D:8      | 7372 ||| ENCHANTING +1 pair of gloves.
  7417 | D:8      | 7417 ||| Stepping ~*~*~tactically~*~*~ (stealth).
  7421 | D:8      | 7421 ||| Stepping ~*~*~tactically~*~*~ (stealth).
  7426 | D:8      | Reached **** piety under Trog
  7432 | D:8      | Reached skill level 6 in Shields
  7590 | D:8      | 7590 ||| Stepping ~*~*~tactically~*~*~ (hiding).
  7607 | D:8      | You fall into a shaft and drop 1 floor!
  7671 | D:9      | 7671 ||| Stepping ~*~*~tactically~*~*~ (stealth).
  7673 | D:9      | 7673 ||| INVOKING Berserk.
  7798 | D:9      | Found a staircase to the Orcish Mines.
  7808 | D:9      | 7808 ||| Stepping ~*~*~tactically~*~*~ (stealth).
  7902 | D:9      | 7902 ||| UPGRADING to +0 pair of boots.
  7907 | D:9      | 7907 ||| DROPPING +4 ring of protection.
  7908 | D:9      | 7908 ||| DROPPING +6 ring of strength.
  7909 | D:9      | 7909 ||| DRINKING 2 smoky black potions.
  7910 | D:9      | 7910 ||| DROPPING potion of flight.
  7923 | D:9      | 7923 ||| INVOKING Berserk.
  7939 | D:9      | 7939 ||| FLEEEEING.
  7940 | D:9      | 7940 ||| FLEEEEING.
  7941 | D:9      | 7941 ||| FLEEEEING.
  7942 | D:9      | 7942 ||| FLEEEEING.
  7943 | D:9      | 7943 ||| STAIRDANCE
  8127 | D:9      | 8127 ||| INVOKING Berserk.
  8134 | D:9      | 8134 ||| STAIRDANCE
  8238 | D:9      | 8238 ||| STAIRDANCE
  8247 | D:8      | Reached skill level 6 in Armour
  8253 | D:9      | 8253 ||| Stepping ~*~*~tactically~*~*~ (hiding).
  8277 | D:9      | 8277 ||| Stepping ~*~*~tactically~*~*~ (stealth).
  8281 | D:9      | 8281 ||| Stepping ~*~*~tactically~*~*~ (hiding).
  8289 | D:9      | Reached XP level 10. HP: 84/84 MP: 9/9
  8290 | D:9      | 8290 ||| STAIRDANCE
  8302 | D:9      | 8302 ||| Stepping ~*~*~tactically~*~*~ (hiding).
  8309 | D:9      | Reached skill level 7 in Fighting
  8320 | D:9      | 8320 ||| Stepping ~*~*~tactically~*~*~ (stealth).
  8333 | D:9      | 8333 ||| Stepping ~*~*~tactically~*~*~ (hiding).
  8442 | D:9      | Reached skill level 9 in Shields
  8660 | D:9      | 8660 ||| READING 4 scrolls of teleportation.
  8706 | D:9      | 8706 ||| Stepping ~*~*~tactically~*~*~ (stealth).
  8709 | D:9      | 8709 ||| Stepping ~*~*~tactically~*~*~ (hiding).
  8750 | D:9      | 8750 ||| Stepping ~*~*~tactically~*~*~ (stealth).
  8765 | D:9      | Reached skill level 8 in Fighting
  8768 | D:9      | 8768 ||| Stepping ~*~*~tactically~*~*~ (stealth).
  8774 | D:9      | Noticed a two-headed ogre
  8776 | D:9      | 8776 ||| INVOKING Berserk.
  8780 | D:9      | Killed a two-headed ogre
  8809 | D:9      | Noticed a two-headed ogre
  8815 | D:9      | Killed a two-headed ogre
  8860 | D:9      | 8860 ||| FLEEEEING.
  8862 | D:9      | 8862 ||| FLEEEEING.
  8869 | D:9      | 8869 ||| FLEEEEING.
  8877 | D:9      | 8877 ||| INVOKING Berserk.
  8965 | D:9      | 8965 ||| Stepping ~*~*~tactically~*~*~ (stealth).
  9018 | D:9      | 9018 ||| READING scroll of enchant armour.
  9018 | D:9      | 9018 ||| ENCHANTING +0 pair of boots.
  9032 | D:9      | Noticed a green ugly thing
  9033 | D:9      | 9033 ||| Stepping ~*~*~tactically~*~*~ (stealth).
  9042 | D:9      | Killed a green ugly thing
  9043 | D:9      | Reached skill level 9 in Fighting
  9043 | D:9      | Reached XP level 11. HP: 96/97 MP: 10/10
  9064 | D:9      | 9064 ||| Stepping ~*~*~tactically~*~*~ (stealth).
  9065 | D:9      | 9065 ||| Stepping ~*~*~tactically~*~*~ (stealth).
  9406 | D:9      | Reached skill level 3 in Dodging
  9428 | D:9      | 9428 ||| READING scroll labelled IGROIPSOGY.
  9440 | D:10     | Entered Level 10 of the Dungeon
  9443 | D:10     | 9443 ||| STAIRDANCE
  9453 | D:10     | 9453 ||| STAIRDANCE
  9588 | D:10     | Noticed a centaur warrior
  9589 | D:10     | 9589 ||| Stepping ~*~*~tactically~*~*~ (hiding).
  9590 | D:10     | 9590 ||| Stepping ~*~*~tactically~*~*~ (hiding).
  9604 | D:10     | Killed a centaur warrior
  9605 | D:10     | Reached skill level 3 in Throwing
  9646 | D:10     | Noticed Snorg
  9648 | D:10     | 9648 ||| DRINKING 3 potions of curing.
  9648 | D:10     | 9648 ||| (to cure confusion)
  9650 | D:10     | 9650 ||| INVOKING Berserk.
  9657 | D:10     | Killed Snorg
  9924 | D:10     | Noticed a death yak
  9925 | D:10     | Noticed a death yak
  9926 | D:10     | 9926 ||| Stepping ~*~*~tactically~*~*~ (stealth).
  9929 | D:10     | 9929 ||| INVOKING Berserk.
  9929 | D:10     | Noticed a death yak
  9929 | D:10     | Noticed a death yak
  9930 | D:10     | Noticed a death yak
  9932 | D:10     | Noticed a death yak
  9933 | D:10     | Killed a death yak
  9943 | D:10     | Killed a death yak
  9944 | D:10     | Reached skill level 10 in Fighting
  9952 | D:10     | Killed a death yak
  9955 | D:10     | Killed a death yak
  9956 | D:10     | Reached skill level 9 in Armour
  9963 | D:10     | Killed a death yak
  9973 | D:10     | Killed a death yak
  9973 | D:10     | Reached ***** piety under Trog
 10074 | D:10     | Found a staircase to the Lair.
 10096 | D:10     | 10096 ||| Stepping ~*~*~tactically~*~*~ (hiding).
 10125 | D:10     | 10125 ||| Stepping ~*~*~tactically~*~*~ (hiding).
 10127 | D:10     | 10127 ||| Stepping ~*~*~tactically~*~*~ (hiding).
 10129 | D:10     | 10129 ||| Stepping ~*~*~tactically~*~*~ (hiding).
 10141 | D:10     | 10141 ||| Stepping ~*~*~tactically~*~*~ (stealth).
 10143 | D:10     | 10143 ||| Stepping ~*~*~tactically~*~*~ (stealth).
 10158 | D:10     | 10158 ||| INVOKING Berserk.
 10165 | D:10     | Reached skill level 11 in Fighting
 10339 | D:10     | Noticed Harold
 10340 | D:10     | 10340 ||| Stepping ~*~*~tactically~*~*~ (hiding).
 10347 | D:10     | 10347 ||| INVOKING Berserk.
 10351 | D:10     | 10351 ||| INVOKING Brothers in Arms.
 10352 | D:10     | Killed Harold
 10471 | D:10     | 10471 ||| DROPPING +0 morningstar.
 10707 | D:10     | 10707 ||| PLANNING LAIR
 10707 | D:10     | 10707 ||| READING 3 scrolls of identify.
 10707 | D:10     | 10707 ||| IDENTIFYING fizzy inky potion
 10708 | D:10     | 10708 ||| READING 2 scrolls of identify.
 10708 | D:10     | 10708 ||| IDENTIFYING fuming pink potion
 10709 | D:10     | 10709 ||| DROPPING potion of berserk rage.
 10729 | Lair:1   | Entered Level 1 of the Lair of Beasts
 10848 | Lair:1   | 10848 ||| INVOKING Berserk.
 10867 | Lair:1   | Reached XP level 12. HP: 85/110 MP: 11/11
 11261 | Lair:1   | 11261 ||| Stepping ~*~*~tactically~*~*~ (stealth).
 11262 | Lair:1   | 11262 ||| Stepping ~*~*~tactically~*~*~ (stealth).
 11268 | Lair:1   | 11268 ||| INVOKING Berserk.
 11271 | Lair:1   | Reached skill level 12 in Shields
 11770 | Lair:1   | 11770 ||| DRINKING 3 lumpy black potions.
 11871 | Lair:1   | 11871 ||| DRINKING 2 bubbling brown potions.
 11872 | Lair:1   | 11872 ||| DROPPING 2 potions of ambrosia.
 11873 | Lair:1   | 11873 ||| DROPPING potion of degeneration.
 11916 | Lair:2   | 11916 ||| Stepping ~*~*~tactically~*~*~ (stealth).
 11918 | Lair:2   | 11918 ||| INVOKING Berserk.
 11943 | Lair:2   | Reached skill level 12 in Fighting
 11950 | Lair:2   | 11950 ||| INVOKING Brothers in Arms.
 11959 | Lair:2   | Noticed a five-headed hydra
 11960 | Lair:2   | Noticed a five-headed hydra
 11961 | Lair:2   | 11961 ||| SWAPPING to +0 morningstar of holy wrath.
 11962 | Lair:2   | Killed a five-headed hydra
 11963 | Lair:2   | Killed a five-headed hydra
 11964 | Lair:2   | 11964 ||| SWAPPING to +3 vampiric hand axe.
 11990 | Lair:2   | 11990 ||| FLEEEEING.
 11991 | Lair:2   | 11991 ||| FLEEEEING.
 11992 | Lair:2   | 11992 ||| STAIRDANCE
 12181 | Lair:2   | Found a staircase to the Swamp.
 12293 | Lair:2   | 12293 ||| Stepping ~*~*~tactically~*~*~ (stealth).
 12354 | Lair:2   | Reached skill level 13 in Fighting
 12513 | Lair:2   | Found an ornate altar of the Wu Jian Council.
 12513 | Lair:2   | Found a hide-covered altar of Uskayaw.
 12513 | Lair:2   | Noticed a boulder beetle
 12514 | Lair:2   | 12514 ||| INVOKING Brothers in Arms.
 12517 | Lair:2   | 12517 ||| INVOKING Berserk.
 12519 | Lair:2   | Killed a boulder beetle
 12776 | Lair:2   | Found a staircase to the Snake Pit.
 12854 | Lair:2   | 12854 ||| Stepping ~*~*~tactically~*~*~ (stealth).
 12855 | Lair:2   | 12855 ||| INVOKING Berserk.
 12863 | Lair:2   | 12863 ||| INVOKING Brothers in Arms.
 12870 | Lair:2   | Reached XP level 13. HP: 122/122 MP: 12/12
 13298 | Lair:2   | 13298 ||| DRINKING 3 fuming yellow potions.
 13298 | Lair:2   | Gained mutation: Your muscles are strong. (Str +4, Int/Dex
                  | -1) [potion of mutation]
 13298 | Lair:2   | Gained mutation: You are agile. (Dex +4, Str/Int -1)
                  | [potion of mutation]
 13299 | Lair:2   | 13299 ||| READING 2 scrolls of identify.
 13299 | Lair:2   | 13299 ||| IDENTIFYING sedimented brown potion
 13300 | Lair:2   | 13300 ||| DROPPING potion of lignification.
 13357 | Lair:3   | 13357 ||| STAIRDANCE
 13390 | Lair:3   | 13390 ||| Stepping ~*~*~tactically~*~*~ (stealth).
 13454 | Lair:3   | Noticed Sonja
 13455 | Lair:3   | 13455 ||| INVOKING Brothers in Arms.
 13460 | Lair:3   | Killed Sonja
 13602 | Lair:3   | Found a transporter.
 13606 | Lair:3   | Found a transporter.
 13606 | Lair:3   | Noticed qw's ghost (journeyman TrCA)
 13619 | Lair:3   | Reached skill level 6 in Dodging
 13740 | Lair:3   | 13740 ||| FLEEEEING.
 13741 | Lair:3   | 13741 ||| FLEEEEING.
 13742 | Lair:3   | 13742 ||| FLEEEEING.
 13743 | Lair:3   | 13743 ||| FLEEEEING.
 13744 | Lair:3   | 13744 ||| FLEEEEING.
 13745 | Lair:3   | 13745 ||| FLEEEEING.
 13746 | Lair:3   | 13746 ||| FLEEEEING.
 13747 | Lair:3   | 13747 ||| FLEEEEING.
 13748 | Lair:3   | 13748 ||| FLEEEEING.
 13749 | Lair:3   | 13749 ||| FLEEEEING.
 13750 | Lair:3   | 13750 ||| FLEEEEING.
 13751 | Lair:3   | 13751 ||| FLEEEEING.
 13752 | Lair:3   | 13752 ||| FLEEEEING.
 13753 | Lair:3   | 13753 ||| FLEEEEING.
 13757 | Lair:3   | 13757 ||| INVOKING Berserk.
 13917 | Lair:3   | 13917 ||| INVOKING Berserk.
 13924 | Lair:3   | Reached skill level 12 in Armour
 14306 | Lair:3   | 14306 ||| INVOKING Berserk.
 14540 | Lair:3   | Noticed Josephine
 14541 | Lair:3   | 14541 ||| Stepping ~*~*~tactically~*~*~ (hiding).
 14543 | Lair:3   | 14543 ||| Stepping ~*~*~tactically~*~*~ (hiding).
 14544 | Lair:3   | 14544 ||| Stepping ~*~*~tactically~*~*~ (hiding).
 14566 | Lair:3   | Killed Josephine
 14749 | Lair:3   | 14749 ||| DRINKING 2 emerald potions.
 14880 | Lair:4   | Identified the +10 hand axe of the Charred God {protect,
                  | Contam rF+ rC+ Str+4}
 14882 | Lair:4   | 14882 ||| SWAPPING to +10 hand axe of the Charred God
                  | {protect, Contam rF+ rC+ Str+4}.
 14883 | Lair:4   | 14883 ||| DROPPING +3 vampiric hand axe.
 14891 | Lair:4   | 14891 ||| INVOKING Berserk.
 14958 | Lair:4   | 14958 ||| INVOKING Berserk.
 15147 | Lair:4   | 15147 ||| INVOKING Berserk.
 15162 | Lair:4   | Reached skill level 14 in Fighting
 15730 | Lair:4   | 15730 ||| READING scroll of enchant armour.
 15730 | Lair:4   | 15730 ||| ENCHANTING +1 pair of boots.
 15757 | Lair:4   | 15757 ||| Stepping ~*~*~tactically~*~*~ (stealth).
 15859 | Lair:4   | 15859 ||| READING scroll labelled GISHRAIWABB.
 15884 | Lair:5   | Entered Level 5 of the Lair of Beasts
 15885 | Lair:5   | 15885 ||| INVOKING Brothers in Arms.
 15887 | Lair:5   | 15887 ||| SWAPPING to +0 morningstar of holy wrath.
 15889 | Lair:5   | 15889 ||| INVOKING Berserk.
 15891 | Lair:5   | Lost intelligence.
 15891 | Lair:5   | Gained mutation: You are dopey. (Int -2) [mutagenic glow]
 15904 | Lair:5   | 15904 ||| SWAPPING to +10 hand axe of the Charred God
                  | {protect, Contam rF+ rC+ Str+4}.
 15974 | Lair:5   | 15974 ||| FLEEEEING.
 15976 | Lair:5   | 15976 ||| STAIRDANCE
 16035 | Lair:5   | Reached skill level 15 in Fighting
 16051 | Lair:5   | 16051 ||| Stepping ~*~*~tactically~*~*~ (stealth).
 16056 | Lair:5   | 16056 ||| Stepping ~*~*~tactically~*~*~ (stealth).
 16058 | Lair:5   | 16058 ||| INVOKING Brothers in Arms.
 16060 | Lair:5   | 16060 ||| SWAPPING to +0 morningstar of holy wrath.
 16061 | Lair:5   | 16061 ||| INVOKING Berserk.
 16078 | Lair:5   | 16078 ||| SWAPPING to +10 hand axe of the Charred God
                  | {protect, Contam rF+ rC+ Str+4}.
 16104 | Lair:5   | 16104 ||| INVOKING Brothers in Arms.
 16105 | Lair:5   | 16105 ||| INVOKING Brothers in Arms.
 16107 | Lair:5   | 16107 ||| SWAPPING to +0 morningstar of holy wrath.
 16109 | Lair:5   | 16109 ||| SWAPPING to +10 hand axe of the Charred God
                  | {protect, Contam rF+ rC+ Str+4}.
 16121 | Lair:5   | Gained mutation: You are very dopey. (Int -4) [mutagenic
                  | glow]
 16128 | Lair:5   | 16128 ||| INVOKING Berserk.
 16177 | Lair:5   | 16177 ||| INVOKING Berserk.
 16180 | Lair:5   | Reached XP level 14. HP: 135/135 MP: 13/13
 16340 | Lair:5   | 16340 ||| Stepping ~*~*~tactically~*~*~ (hiding).
 16341 | Lair:5   | 16341 ||| INVOKING Berserk.
 16354 | Lair:5   | 16354 ||| Stepping ~*~*~tactically~*~*~ (cloud).
 16355 | Lair:5   | 16355 ||| INVOKING Brothers in Arms.
 16356 | Lair:5   | 16356 ||| SWAPPING to +0 morningstar of holy wrath.
 16364 | Lair:5   | HP: 29/135 [eight-headed hydra (5)]
 16365 | Lair:5   | 16365 ||| DRINKING 2 potions of heal wounds.
 16368 | Lair:5   | 16368 ||| DRINKING potion of heal wounds.
 16369 | Lair:5   | HP: 30/135 [five-headed hydra (10)]
 16370 | Lair:5   | HP: 5/135 [five-headed hydra (12)]
 16371 | Lair:5   | 16371 ||| INVOKING Berserk.
 16371 | Lair:5   | HP: 2/202 [five-headed hydra (5)]
 16377 | Lair:5   | Slain by a hell hound

Levels and vault maps discovered:
D:1:      minmay_arrival_four_houses, layout_basic,
          dreamdust_ecumenical_altar_hidden_monk_grotto,
          roderic_serpentine_path, nrook_campfire
D:2:      kennysheep_the_goblin_king, layout_basic
D:3:      layout_loops_ring, chequers_temple_overflow_statue_of_worship
D:4:      layout_loops_ring, minmay_temple_entry_poolview, minmay_quantized
D:5:      layout_loops_ring, nicolae_overflow_crystal_walls, vehumet_statue,
          grunt_ministairs_9
D:6:      layout_basic, mainiacjoe_overflow_24_doors, serial_glass,
          glass_columns_c, glass_columns_b
D:7:      layout_cave_pools, minmay_misc_feat_tiny, minmay_small_thing,
          uniq_prince_ribbit1
D:8:      layout_basic
D:9:      cheibrodos_ideogram_h, layout_small_grid, orc_0_dummy, serial_glass,
          glass_columns_a, glass_columns_c
D:10:     layout_irregular_city, dpeg_lair_monsters, serial_rivers,
          chequers_serial_rivers_micro_b, chequers_serial_rivers_micro_e,
          chequers_serial_rivers_micro_c, chequers_serial_rivers_small_a,
          chequers_serial_rivers_small_a, chequers_serial_rivers_micro_d,
          uniq_harold, uniq_snorg
Lair:1:   layout_loops_ring, serial_forest, infiniplex_forest_clump_medium,
          infiniplex_forest_clump_diagonal, infiniplex_forest_lined_corner,
          infiniplex_forest_clump_long, infiniplex_forest_lined_2,
          infiniplex_forest_zigzag_1, infiniplex_forest_straight_5,
          beast_lair_carwin_6, grunt_megastairs_3, serial_bayou_shore_a
Lair:2:   layout_chaotic_city, minmay_swamp_entry_reptiles,
          minmay_snake_entry_six_corridors, nzn_masters_of_martial_movement
Lair:3:   layout_cave_pods, gammafunk_ghost_arena, serial_bayou_lake_a,
          lemuel_fruit_tree, uniq_josephine, uniq_sonja
Lair:4:   layout_regular_city
Lair:5:   evil_forest, layout_regular_city, dpeg_slime_entry_corner,
          portal_ice_cave_entry_imps, st_stairs_7

Skill      XL: |  1  2  3  4  5  6  7  8  9 10 11 12 13 14 |
---------------+-------------------------------------------+-----
Axes           | 4 5 6 7 8 9 10 12 14 | 14.0
Fighting       | 4 5 6 9 11 13 15 | 15.0
Armour         | 3 4 5 6 7 9 11 13 | 13.0
Throwing       | 2 4 5 |  5.4
Shields        | 8 10 11 13 14 | 14.9
Dodging        | 3 5 7 8 |  8.1

Action                   |  1- 3 |  4- 6 |  7- 9 | 10-12 | 13-15 || total
-------------------------+-------+-------+-------+-------+-------++-------
Melee: Hand axe          |    84 |   137 |   286 |   526 |   256 ||  1289
       Headbutt          |     7 |    30 |    46 |   109 |    81 ||   273
       Morningstar       |       |       |       |     1 |    41 ||    42
Throw: Javelin           |       |       |    44 |    23 |     2 ||    69
       Boomerang         |       |       |    22 |    50 |    72 ||   144
Invok: Berserk           |     3 |     2 |     8 |    11 |    12 ||    36
       Brothers in Arms  |       |       |       |     4 |     5 ||     9
  Use: Scroll            |     3 |     4 |     9 |     5 |     3 ||    24
       Potion            |       |     2 |     3 |     3 |     4 ||    12
Armor: Animal skin       |    10 |       |       |       |       ||    10
       Ring mail         |    19 |    26 |       |       |       ||    45
       Plate armour      |       |    15 |   104 |   238 |   183 ||   540
Dodge: Dodged            |    38 |    54 |    91 |   176 |   140 ||   499
Block: Kite shield       |       |       |    59 |   263 |   214 ||   536

Table legend:
 A = Non-vault XP
 B = Vault XP
 C = Vault XP percentage of total XP
 D = Non-vault monster count
 E = Vault monster count
 F = Vault count percentage of total count
                 A         B        C        D         E       F
            +---------+---------+-------+---------+---------+-------
      Total |   43345 |   27556 |  38.9 |     312 |      88 |  22.0
            +---------+---------+-------+---------+---------+-------
        D:1 |      12 |       0 |   0.0 |       8 |       0 |   0.0
        D:2 |     123 |      13 |   9.6 |      29 |       7 |  19.4
        D:3 |     112 |       0 |   0.0 |      13 |       0 |   0.0
        D:4 |     188 |      41 |  17.9 |       7 |       4 |  36.4
        D:5 |     379 |     150 |  28.4 |      17 |       3 |  15.0
        D:6 |     620 |       0 |   0.0 |      27 |       0 |   0.0
        D:7 |     421 |    1121 |  72.7 |      17 |       2 |  10.5
        D:8 |    1088 |     174 |  13.8 |      21 |       2 |   8.7
        D:9 |    3168 |    4575 |  59.1 |      38 |      22 |  36.7
       D:10 |    2112 |    6675 |  76.0 |      22 |       8 |  26.7
     Lair:1 |     975 |    2343 |  70.6 |       5 |      12 |  70.6
     Lair:2 |    9738 |    4813 |  33.1 |      36 |      13 |  26.5
     Lair:3 |    4552 |    2548 |  35.9 |      18 |       6 |  25.0
     Lair:4 |    9662 |       0 |   0.0 |      32 |       0 |   0.0
     Lair:5 |   10195 |    5103 |  33.4 |      22 |       9 |  29.0
            +---------+---------+-------+---------+---------+-------
